 Seeded DCSS version 0.29-a0-553-g81b289dbe5 (webtiles) character file.

Game seed: 20220606 (custom seed)

494 nrs142 the Skirmisher (level 6, -5/57 HPs)
             Began as a Minotaur Monk on June 6, 2022.
             Was an Initiate of Ashenzari.
             Killed by an exploding gnoll (37 damage)
             ... ignited by their inner flame
             ... on level 5 of the Dungeon.
             The game lasted 00:07:40 (4198 turns).

nrs142 the Skirmisher (Minotaur Monk)               Turns: 4198, Time: 00:07:42

Health: -5/57      AC:  7    Str: 18    XL:     6   Next: 92%
Magic:  5/5        EV: 11    Int:  7    God:    Ashenzari [......]
Gold:   230        SH:  0    Dex: 12    Spells: 5/5 levels left

rFire   . . .      SeeInvis .   e - +0 broad axe
rCold   . . .      Faith    .   (no shield)
rNeg    . . .      Spirit   .   t - +0 scale mail
rPois   .          Reflect  .   (helmet restricted)
rElec   .          Harm     .   p - scarf {+Inv}
rCorr   .          Rampage  .   g - +0 pair of gloves "Secrets of Ashenzari" {Melee, Self} (curse)
Will    .....                   (no boots)
Stlth   +.........              o - amulet of magic regeneration
HPRegen 0.19/turn               (no ring)
MPRegen 0.49/turn               (no ring)

@: no status effects
A: horns 2, retaliatory headbutt
a: Renounce Religion, Evoke Invisibility, Curse Item, Shatter the Chains


You were on level 5 of the Dungeon.
You worshipped Ashenzari.
Ashenzari was noncommittal.
You visited 1 branch of the dungeon, and saw 5 of its levels.

You collected 230 gold pieces.

Inventory:

Hand Weapons
 e - a +0 broad axe (weapon)
Armour
 g - the cursed +0 pair of gloves "Secrets of Ashenzari" (worn) {Melee, Self}
   (You found it on level 1 of the Dungeon)

   It has a curse which improves the following skills: Melee Combat: Short
   Blades, Long Blades, Axes, Maces & Flails, Polearms, Staves and Unarmed
   Combat.
   Introspection: Fighting and Spellcasting.
 p - a scarf of invisibility (worn)
 t - a +0 scale mail (worn)
Jewellery
 o - an amulet of magic regeneration (around neck)
Scrolls
 a - 10 scrolls of identify
 d - a scroll of noise {unknown}
 f - a scroll of silence {unknown}
 h - 2 scrolls of fear {unknown}
 l - 4 scrolls of teleportation
 m - a scroll of poison {unknown}
 n - a scroll of enchant weapon {unknown}
Potions
 b - a potion of invisibility {unknown}
 c - a potion of ambrosia
 i - a potion of lignification {unknown}
 j - a potion of might {unknown}
 k - a potion of brilliance
 q - a potion of berserk rage {unknown}
 r - a potion of cancellation {unknown}
 u - a potion of mutation {unknown}
 w - a potion of heal wounds
 x - a potion of flight {unknown}


   Skills:
 + Level 5.6(6.1) Fighting
 + Level 5.6(6.0) Axes
 + Level 5.2 Dodging
 + Level 3.6 Stealth


You had 5 spell levels left.
You didn't know any spells.
Your spell library contained the following spells:

 Spells                   Type           Power      Damage    Failure   Level
 Slow                     Hex            0%         N/A       85%         1
 Ensorcelled Hibernation  Hex/Ice        0%         N/A       94%         2
 Passwall                 Tmut/Erth      0%         N/A       94%         2
 Confusing Touch          Hex            0%         N/A       99%         3
 Swiftness                Air            0%         N/A       99%         3
 Vampiric Draining        Necr           0%         2d6       99%         3
 Yara's Violent Unravell  Hex/Tmut       0%         3d3       100%        5
 Enfeeble                 Hex            0%         N/A       100%        7


Dungeon Overview and Level Annotations

Branches:
Dungeon (5/15)             Temple (0/1) D:4

Altars:
Ashenzari
Uskayaw
Beogh

Shops:
D:3 (

Annotations:
D:5 2 transporters


Innate Abilities, Weirdness & Mutations

You have a pair of horns on your head.
You reflexively headbutt those who attack you in melee.


Message History

You hit the gnoll.
The gnoll is moderately wounded.
The gnoll hits you with a +0 flail!
You completely miss the gnoll.
The gnoll is moderately wounded.
The gnoll hits you with a +0 flail! The gnoll hits you with a +0 halberd!
The gnoll hits you with a +0 flail.
* * * LOW HITPOINT WARNING * * *
You hit the gnoll but do no damage. You barely miss the gnoll.
You closely miss the gnoll. The gnoll barely misses you.
You furiously retaliate!
You headbutt the gnoll! The gnoll barely misses you.
The gnoll closely misses you. You furiously retaliate!
You headbutt the gnoll, but do no damage.
The gnoll barely misses you. x2; The gnoll hits you with a +0 flail.
* * * LOW HITPOINT WARNING * * *
The gnoll barely misses you.
You feel much better. The gnoll barely misses you.
The gnoll hits you with a +0 flail. The gnoll closely misses you.
You furiously retaliate!
You headbutt the gnoll. The gnoll misses you.
As you read the scroll labelled TISEURINUCK, it crumbles to dust.
It is a scroll of identify.
l - 4 scrolls of teleportation The gnoll hits you with a +0 flail.
The gnoll hits you with a +0 halberd. The gnoll barely misses you.
You furiously retaliate!
You headbutt the gnoll!
You kill the gnoll!
The gnoll hits you with a +0 flail!
You feel much better. The gnoll hits you with a +0 halberd.
The gnoll hits you with a +0 flail. x2
As you read the scroll labelled ESMOSCH JIHUIDD, it crumbles to dust.
The creatures around you are filled with an inner flame!
It was a scroll of immolation.
The gnoll closely misses you. The gnoll hits you with a +0 flail.
The gnoll closely misses you. You furiously retaliate!
You headbutt the gnoll.
Flame seeps out of the gnoll.
You hit the gnoll.
Flame seeps out of the gnoll.
The gnoll is lightly wounded.
You barely miss the gnoll. You slash the gnoll!
The gnoll explodes!
The fiery explosion engulfs you!!!
Ouch! That really hurt!
You die...

###### ##§##.###
##§○§....##
#)@##'##..#########
#gg#.†.#..........(
#.##._.##.#########
..#.....#........
##.#.###.#.#######
#.###(###.#
#.##(((##..
#.#(#(#(#.#
#.#..#(.#...


You could see 2 gnolls.

Vanquished Creatures
  An ogre (D:5)
  A bullfrog (D:4)
  A howler monkey (D:3)
  A hound (D:5)
  A gnoll shaman (D:5)
  An orc wizard (D:4)
  Robin (D:3)
  6 gnolls (D:5)
  9 adders
  3 worms
  2 dart slugs (D:2)
  4 orcs
  5 endoplasms
  2 giant cockroaches
  17 goblins
  6 hobgoblins
  A quokka (D:2)
  4 ball pythons
  3 bats
  A frilled lizard (D:1)
  5 kobolds
  6 rats
81 creatures vanquished.

Notes
Turn   | Place    | Note
-------+----------+-------------------------------------------
     0 | D:1      | nrs142 the Minotaur Monk began the quest for the Orb.
     0 | D:1      | Reached XP level 1. HP: 19/19 MP: 0/0
   283 | D:1      | Reached XP level 2. HP: 23/27 MP: 1/1
   467 | D:1      | Found a faded altar of an unknown god.
   808 | D:2      | Reached XP level 3. HP: 31/33 MP: 2/2
  1618 | D:3      | Reached XP level 4. HP: 35/41 MP: 3/3
  1929 | D:3      | Noticed Robin
  1940 | D:3      | Reached XP level 5. HP: 38/47 MP: 4/4
  1943 | D:3      | Killed Robin
  2126 | D:3      | Found Watic Nimeh's Weapon Shoppe.
  2806 | D:4      | Found a broken altar of Ashenzari.
  2821 | D:4      | Became a worshipper of Ashenzari the Shackled
  2982 | D:4      | Found a staircase to the Ecumenical Temple.
  3186 | D:4      | Reached skill level 5 in Fighting
  3303 | D:4      | Reached skill level 5 in Axes
  3430 | D:4      | Reached XP level 6. HP: 56/56 MP: 5/5
  3462 | D:5      | Entered Level 5 of the Dungeon
  3614 | D:5      | Found a transporter.
  3631 | D:5      | Found a transporter.
  3963 | D:5      | Reached skill level 5 in Dodging
  4163 | D:5      | Noticed a +0 dagger
  4171 | D:5      | Found a hide-covered altar of Uskayaw.
  4172 | D:5      | Noticed a +0 short sword
  4172 | D:5      | Noticed a +0 spear
  4172 | D:5      | Noticed a +0 dagger
  4172 | D:5      | Noticed a +0 spear
  4172 | D:5      | Noticed a +0 falchion
  4177 | D:5      | Noticed a +0 short sword
  4178 | D:5      | Noticed a +0 falchion
  4198 | D:5      | Killed by an exploding gnoll... ignited by their inner
                  | flame

Illustrated notes

Levels and vault maps discovered:
D:1:      dpeg_arrival_lava_temple_mockup, layout_loops_ring,
          hellmonk_ecumenical_altar_defaced_shrine
D:2:      minmay_general_purpose_star, layout_rooms
D:3:      layout_rooms, serial_rivers, chequers_serial_rivers_micro_c,
          chequers_serial_rivers_small_b, chequers_serial_rivers_large_a,
          chequers_serial_rivers_small_b, chequers_serial_rivers_room_b,
          chequers_serial_rivers_micro_a, serial_shops, shop, uniq_robin
D:4:      layout_gridville, lemuel_doored_altar, minmay_temple_entry_ruins
D:5:      gammafunk_wand_slinger, layout_basic, nicolae_uskayaw_en_pointe,
          uniq_blork_the_orc

Skill      XL: |  1  2  3  4  5  6 |
---------------+-------------------+-----
Fighting       | 4 5 |  5.6
Axes           | 4 5 |  5.6
Stealth        | 2 3 |  3.6
Dodging        | 4 5 |  5.2

Action                   |  1- 3 |  4- 6 || total
-------------------------+-------+-------++-------
Melee: Broad axe         |    48 |   100 ||   148
       Hand axe          |     5 |       ||     5
       Headbutt          |     6 |    13 ||    19
Invok: Curse Item        |       |     1 ||     1
  Use: Potion            |       |     6 ||     6
       Scroll            |       |     2 ||     2
 Stab: Sleeping          |     6 |     1 ||     7
       Distracted        |     1 |       ||     1
Armor: Robe              |    11 |     3 ||    14
       Scale mail        |       |    37 ||    37
Dodge: Dodged            |    28 |    68 ||    96

Table legend: (Time is in decaauts)
 A = Elapsed time spent in this place.
 B = Non-inter-level travel time spent in this place.
 C = Inter-level travel time spent in this place.
 D = Time resting spent in this place.
 E = Time spent auto-exploring this place.
 F = Levels seen in this place.
 G = Mean time per level.
                   A        B        C        D        E       F      G
               +--------+--------+--------+--------+--------+-----+--------+
         Total |   4271 |   4153 |    118 |    192 |   3361 |   5 |  854.2 |
       Dungeon |   4271 |   4153 |    118 |    192 |   3361 |   5 |  854.2 |
               +--------+--------+--------+--------+--------+-----+--------+

Top non-repeatable levels by time:
     D:3: 1073 daAuts
     D:2: 881 daAuts
     D:4: 837 daAuts
     D:5: 745 daAuts
     D:1: 734 daAuts
